 Dungeon Crawl Stone Soup version 0.20.1-1-g8b1a95d (webtiles) character file.

443 greprep the Skirmisher (level 6, 0/57 HPs)
             Began as a Minotaur Fighter on July 21, 2017.
             Was an Initiate of Ashenzari.
             Slain by a white imp (4 damage)
             ... summoned by Eustachio
             ... on level 4 of the Dungeon.
             The game lasted 00:05:49 (2710 turns).

greprep the Skirmisher (Minotaur Fighter)           Turns: 2710, Time: 00:05:50

Health: 0/57       AC:  7    Str: 20    XL:     6   Next: 71%
Magic:  5/5        EV:  8    Int:  6    God:    Ashenzari [......]
Gold:   158        SH:  9    Dex: 11    Spells: 5/5 levels left

rFire    . . .     SeeInvis .   u - -1 hand axe (curse)
rCold    . . .     Gourm    .   c - +0 shield
rNeg     . . .     Faith    .   l - +0 scale mail (curse)
rPois    .         Spirit   .   (helmet restricted)
rElec    .         Reflect  .   (no cloak)
rCorr    +         Harm     .   (no gloves)
MR       .....                  (no boots)
Stlth    ..........             (no amulet)
Regen    0.2/turn               r - ring of resist corrosion
MPRegen  0.1/turn               (no ring)

@: no status effects
A: retaliatory headbutt, horns 2
a: Curse Item, Renounce Religion


You were on level 4 of the Dungeon.
You worshipped Ashenzari.
Ashenzari was noncommittal.
You were not hungry.

You visited 1 branch of the dungeon, and saw 4 of its levels.

You collected 158 gold pieces.

Inventory:

Hand Weapons
 a - a +0 war axe
 u - a cursed -1 hand axe (weapon)
Armour
 c - a +0 shield (worn)
 l - a cursed +0 scale mail (worn)
Jewellery
 b - an uncursed ring of wizardry
 r - a ring of resist corrosion (left hand)
 t - a +4 amulet of reflection
Wands
 d - a wand of confusion (14/48)
Scrolls
 e - 6 scrolls of identify {unknown}
 h - 2 scrolls of remove curse
 i - a scroll of magic mapping {unknown}
 n - a scroll of teleportation {unknown}
 p - a scroll of blinking {unknown}
 q - a scroll of fear {unknown}
 s - a scroll of enchant armour {unknown}
Potions
 j - 3 potions of mutation {unknown}
 k - a potion of invisibility {unknown}
 m - a potion of curing {unknown}
 o - 2 potions of heal wounds {unknown}
Comestibles
 f - 4 bread rations
 g - a meat ration


   Skills:
 - Level 6.2 Fighting
 - Level 6.0 Axes
 * Level 4.2 Armour
 * Level 1.5 Dodging
 * Level 4.2 Shields


You had 5 spell levels left.
You didn't know any spells.

Dungeon Overview and Level Annotations

Branches:
Dungeon (4/15)             Temple (0/1) D:4

Altars:
Ashenzari
Qazlal

Annotations:
D:4 Eustachio


Innate Abilities, Weirdness & Mutations

You reflexively headbutt those who attack you in melee.
You have a pair of horns on your head.


Message History

You headbutt the white imp. You slash Eustachio!
Your headbutt misses Eustachio.
Eustachio is severely wounded.
You hit the white imp. The bat barely misses you.
Eustachio casts a spell.
The white imp hits you but does no damage.
Unknown command.
You hit Eustachio.
Eustachio is severely wounded.
You slash the quokka!
You kill the quokka!
The quokka's corpse disappears in a puff of smoke!
You closely miss the white imp. You block the bat's attack.
Eustachio hits you with a rapier!
* * * LOW HITPOINT WARNING * * *
The white imp summons a swarm of flies.
The white imp hits you.
* * * LOW HITPOINT WARNING * * *
The white imp freezes you.
You die...

#...†..#
#....#######..#
+............>#
#......######.###
######...##.......#
.!......<##r......#
.........##5......#
....../).##@5b....#
...........@#
.........b.§#
...............
########....%###
#....... #.....)..
##........
#........


You could see Eustachio, a white imp, an ufetubus, 2 bats and a rat.

Vanquished Creatures
  The ghost of greprep the Skirmisher, an amateur MiFi (D:3)
  2 orc priests
  A bullfrog skeleton (D:3)
  Ijyb (D:3)
  Natasha (thrice) (D:4)
  Robin (D:3)
  3 gnolls (D:2)
  2 adders
  An ooze (D:1)
  3 leopard geckos
  11 orcs
  7 giant cockroaches
  22 goblins
  7 hobgoblins
  3 jackals (D:3)
  A quokka (D:2)
  2 ball pythons
  2 bats
  6 frilled lizards
  A giant cockroach zombie (D:3)
  6 kobolds
  9 rats
95 creatures vanquished.

Notes
Turn   | Place    | Note
-------+----------+-------------------------------------------
     0 | D:1      | greprep the Minotaur Fighter began the quest for the Orb.
     0 | D:1      | Reached XP level 1. HP: 19/19 MP: 0/0
    61 | D:1      | Reached XP level 2. HP: 26/27 MP: 1/1
   445 | D:1      | Found a shattered altar of Ashenzari.
   831 | D:1      | Became a worshipper of Ashenzari the Shackled
   867 | D:2      | Reached XP level 3. HP: 33/33 MP: 2/2
  1170 | D:2      | Reached XP level 4. HP: 38/41 MP: 3/3
  1542 | D:3      | Reached skill level 5 in Fighting
  1547 | D:3      | Noticed Robin
  1557 | D:3      | Reached XP level 5. HP: 45/48 MP: 4/4
  1563 | D:3      | Killed Robin
  1566 | D:3      | Reached skill level 5 in Axes
  1688 | D:3      | Found a stormy altar of Qazlal.
  1714 | D:3      | Noticed greprep's ghost (amateur MiFi)
  1721 | D:3      | Killed greprep's ghost
  1861 | D:3      | Reached XP level 6. HP: 53/57 MP: 5/5
  1867 | D:3      | Noticed Ijyb
  1878 | D:3      | Killed Ijyb
  2629 | D:4      | Found a staircase to the Ecumenical Temple.
  2638 | D:4      | Noticed Natasha
  2644 | D:4      | Killed Natasha
  2644 | D:4      | Reached skill level 1 in Dodging
  2662 | D:4      | Noticed Natasha
  2667 | D:4      | Killed Natasha
  2687 | D:4      | Noticed Eustachio
  2688 | D:4      | Noticed Natasha
  2700 | D:4      | Killed Natasha
  2710 | D:4      | Slain by a white imp

Skill      XL: |  1  2  3  4  5  6 |
---------------+-------------------+-----
Axes           | 3 4 5 6 |  6.0
Fighting       | 4 5 6 |  6.2
Armour         | 4 |  4.2
Dodging        | 1 |  1.5
Shields        | 4 |  4.2

Action                   |  1- 3 |  4- 6 || total
-------------------------+-------+-------++-------
Melee: War axe           |    85 |   103 ||   188
       Headbutt          |     9 |    23 ||    32
       Hand axe          |       |    41 ||    41
  Use: Potion            |       |     1 ||     1
  Eat: Chunk             |       |     6 ||     6
Armor: Scale mail        |    33 |    58 ||    91
Dodge: Dodged            |    19 |    54 ||    73
Block: Shield            |    49 |    79 ||   128
